 Dungeon Crawl Stone Soup version 0.20.1-1-g8b1a95d66d (webtiles) character file.

1625 Popi the Slasher (level 9, -3/69 HPs)
             Began as a Human Fighter on Dec 18, 2017.
             Was an Initiate of the Shining One.
             Slain by an orc warrior
             ... wielding a +0 glaive
              (12 damage)
             ... on level 7 of the Dungeon.
             The game lasted 00:23:44 (6515 turns).

Popi the Slasher (Human Fighter)                    Turns: 6515, Time: 00:23:45

Health: -3/69      AC: 12    Str: 20    XL:     9   Next: 17%
Magic:  9/9        EV:  7    Int:  8    God:    the Shining One [......]
Gold:   322        SH:  0    Dex: 13    Spells: 8/8 levels left

rFire    . . .     SeeInvis .   a - +0 long sword
rCold    . . .     Gourm    .   (no shield)
rNeg     . . .     Faith    .   j - +0 plate armour
rPois    .         Spirit   .   (no helmet)
rElec    .         Reflect  .   (no cloak)
rCorr    .         Harm     +   (no gloves)
MR       .....                  (no boots)
Stlth    ..........             i - amulet of harm
Regen    0.3/turn               (no ring)
MPRegen  0.2/turn               (no ring)

@: glowing
A: mutation resistance 1
a: Renounce Religion


You were on level 7 of the Dungeon.
You worshipped the Shining One.
The Shining One was noncommittal.
You were not hungry.

You visited 2 branches of the dungeon, and saw 8 of its levels.

You collected 322 gold pieces.

Inventory:

Hand Weapons
 a - a +0 long sword (weapon)
Armour
 c - a +0 shield
 j - a +0 plate armour (worn)
Jewellery
 i - an amulet of harm (around neck)
Scrolls
 b - a scroll of identify
 d - a scroll of fear
 n - 3 scrolls of remove curse
 v - 2 scrolls of teleportation
Potions
 h - 2 potions of flight
 o - a potion of brilliance
Comestibles
 f - 4 bread rations
 g - 2 chunks of flesh


   Skills:
 - Level 6.2 Fighting
 + Level 7.4 Long Blades
 - Level 6.3 Armour
 - Level 2.3 Dodging
 - Level 3.0 Shields


You had 8 spell levels left.
You didn't know any spells.

Dungeon Overview and Level Annotations

Branches:
Dungeon (7/15)             Temple (1/1) D:6

Altars:
Kikubaaqudgha
Makhleb
Okawaru
Trog
Uskayaw
Vehumet
Xom
The Shining One

Shops:
D:5 *

Annotations:
D:4 exclusion: statue


Innate Abilities, Weirdness & Mutations

You are somewhat resistant to further mutation.


Message History

An orc comes into view.
The orc shouts!
The orc warrior hits you with a glaive!
You see here a club.
You barely miss the orc warrior.
The orc wizard mumbles some strange words.
The orc wizard seems to speed up.
The orc warrior completely misses you.
You closely miss the orc warrior. The orc warrior hits you with a glaive!
Your plate armour prevents you from hitting the orc warrior.
The orc wizard casts a spell.
The orc wizard blinks!
You closely miss the orc warrior. The orc warrior hits you with a glaive.
You hit the orc warrior.
The orc warrior is lightly wounded.
The orc warrior hits you with a glaive!!
* * * LOW HITPOINT WARNING * * *
You hit the orc warrior.
The orc warrior is moderately wounded.
The orc warrior hits you with a glaive!
You die...

#.####.# #.#....#
#.#.#### #.#.# #.#.#
#.#.## ### ##....#
.....#####.#........#
#....oo@.$###...###.#
#.##o#####.#......#
#.....#.# ##...#....
##....#... #.##...##
. #


You could see an orc warrior, an orc wizard and an orc.

Vanquished Creatures
  Grinder (D:4)
  A sky beast (D:6)
  4 black bears
  An ogre (D:4)
  A necrophage (D:7)
  2 centaurs (D:6)
  A bullfrog (D:7)
  A crimson imp (D:7)
  2 orc priests
  A centaur skeleton (D:6)
  Jessica (D:2)
  Natasha (D:1)
  An iguana (D:5)
  5 orc wizards
  A worker ant (D:6)
  A hound skeleton (D:6)
  5 adders
  A shadow imp (D:5)
  2 oozes
  2 adder skeletons
  3 worms
  3 dart slugs
  6 leopard geckos
  24 orcs
  9 bats
  3 giant cockroaches
  11 goblins
  6 hobgoblins
  8 jackals
  3 quokkas
  2 ball pythons
  10 frilled lizards
  7 kobolds
  7 rats
137 creatures vanquished.

Vanquished Creatures (others)
  An orc wizard (D:3)
1 creature vanquished.

Grand Total: 138 creatures vanquished

Notes
Turn   | Place    | Note
-------+----------+-------------------------------------------
     0 | D:1      | Popi the Human Fighter began the quest for the Orb.
     0 | D:1      | Reached XP level 1. HP: 18/18 MP: 1/1
    62 | D:1      | Reached skill level 1 in Dodging
   135 | D:1      | Reached XP level 2. HP: 22/24 MP: 2/2
   337 | D:1      | Reached XP level 3. HP: 23/29 MP: 3/3
   744 | D:2      | Found an iron altar of Okawaru.
   746 | D:2      | Noticed Natasha
  1360 | D:1      | Killed Natasha
  1360 | D:1      | Reached skill level 3 in Long Blades
  1360 | D:1      | Reached XP level 4. HP: 14/35 MP: 4/4
  2019 | D:2      | Noticed Jessica
  2152 | D:1      | Reached XP level 5. HP: 7/41 MP: 5/5
  2426 | D:1      | Reached skill level 4 in Long Blades
  2464 | D:3      | Found a hide-covered altar of Uskayaw.
  3156 | D:2      | Killed Jessica
  3386 | D:4      | Gained mutation: You are somewhat resistant to further mutation. [potion of mutation]
  3802 | D:3      | Reached XP level 6. HP: 37/48 MP: 6/6
  4214 | D:4      | Noticed Grinder
  4429 | D:4      | Found a radiant altar of Vehumet.
  4452 | D:4      | Paralysed by Grinder for 5 turns
  4523 | D:4      | Killed Grinder
  4523 | D:4      | Reached skill level 5 in Armour
  4523 | D:4      | Reached XP level 7. HP: 12/54 MP: 7/7
  4954 | D:5      | Entered Level 5 of the Dungeon
  5123 | D:5      | You fall through a shaft!
  5177 | D:6      | Reached skill level 5 in Long Blades
  5177 | D:6      | Reached XP level 8. HP: 15/60 MP: 8/8
  5189 | D:6      | Reached skill level 6 in Long Blades
  5508 | D:6      | Found a staircase to the Ecumenical Temple.
  5524 | D:6      | Found a bloodstained altar of Trog.
  5616 | D:5      | Found Xyrasmeh's Assorted Antiques.
  5651 | D:5      | Reached skill level 5 in Fighting
  6138 | Temple   | Entered the Ecumenical Temple
  6155 | Temple   | Became a worshipper of the Shining One
  6226 | D:6      | Reached XP level 9. HP: 45/69 MP: 9/9
  6404 | D:7      | Reached skill level 7 in Long Blades
  6515 | D:7      | Slain by an orc warrior

Skill      XL: |  1  2  3  4  5  6  7  8  9 |
---------------+----------------------------+-----
Dodging        | 1 2 |  2.3
Long Blades    | 3 4 5 6 7 |  7.4
Fighting       | 4 6 |  6.2
Armour         | 5 6 |  6.3
Shields        | |  3.0

Action                   |  1- 3 |  4- 6 |  7- 9 || total
-------------------------+-------+-------+-------++-------
Melee: Long sword        |    83 |   223 |   204 ||   510
  Use: Potion            |     2 |     9 |     2 ||    13
       Scroll            |       |     6 |     3 ||     9
  Eat: Chunk             |       |    11 |     8 ||    19
Armor: Scale mail        |    57 |   122 |       ||   179
       Plate armour      |       |       |   157 ||   157
Dodge: Dodged            |    60 |   120 |    89 ||   269
Block: Shield            |     4 |       |       ||     4
       Rpst.: Long sword |    14 |    32 |    21 ||    67
